 Dungeon Crawl Stone Soup version 0.16.1-4-g8e1b745 (webtiles) character file.

705 esc the Skirmisher (level 7, -6/47 HPs)
             Began as a Gargoyle Gladiator on Mar 27, 2015.
             Was a Priest of Cheibriados.
             Shot with an arrow by a centaur (9 damage)
             ... on level 5 of the Dungeon.
             The game lasted 00:10:38 (3978 turns).

esc the Skirmisher (Gargoyle Gladiator)             Turns: 3978, Time: 00:10:38

Health: -6/47      AC:  9    Str: 25    XL:     7   Next: 67%
Magic:  7/7        EV: 15    Int: 15    God:    Cheibriados [***...]
Gold:   174        SH:  0    Dex: 17    Spells: 0 memorised, 6 levels left

rFire  . . .     SeeInvis .     a - +1 flail
rCold  . . .     Clarity  .     n - +1 robe {Archmagi}
rNeg   + . .     SustAb   .     (no shield)
rPois  ∞         Gourm    .     c - +0 helmet
rElec  +         Spirit   .     (no cloak)
rCorr  .         Warding  .     t - +0 pair of gloves
rMut   .         Stasis   .     (no boots)
MR     .....                    (no amulet)
Stlth  ++........               o - ring of poison resistance
                                j - ring of wizardry

@: very slightly contaminated, invisible, very slow, not resistant to hostile
enchantments, unstealthy
A: negative energy resistance 1, electricity resistance, unbreathing,
petrification resistance, rot immunity, AC +4
a: Bend Time, Temporal Distortion, Renounce Religion


You were on level 5 of the Dungeon.
You worshipped Cheibriados.
Cheibriados was most pleased with you.
You were not hungry.

You visited 1 branch of the dungeon, and saw 5 of its levels.

You collected 174 gold pieces.

Inventory:

Hand weapons
 a - a +1 flail (weapon)
Missiles
 d - 3 throwing nets
 w - 6 javelins (quivered)
Armour
 b - a +0 leather armour
 c - a +0 helmet (worn)
 n - a +1 robe of the Archmagi (worn)
 t - a +0 pair of gloves (worn)
Magical staves
 q - an uncursed staff of power
Jewellery
 j - a ring of wizardry (left hand)
 o - a ring of poison resistance (right hand)
Magical devices
 m - a wand of slowing (45)
Scrolls
 e - 3 scrolls of identify
 k - 5 scrolls of remove curse
 p - 2 scrolls of magic mapping
 r - a scroll of amnesia
Potions
 s - a potion of brilliance
Comestibles
 f - 5 bread rations
 g - 3 meat rations
 h - 5 fruits
 i - a slice of pizza


   Skills:
 + Level 6.4 Fighting
 - Level 3.8 Maces & Flails
 - Level 2.0 Throwing
 + Level 5.1 Dodging


You had 6 spell levels left.
You didn't know any spells.

Dungeon Overview and Level Annotations

Branches:
Dungeon (5/15)
 Temple: D:4-7

Altars:
Cheibriados
Gozag
Kikubaaqudgha


Innate Abilities, Weirdness & Mutations

You are resistant to torment.
You are immune to poison.
Your stone body is very resilient (AC +4).
You resist negative energy.
You are resistant to electric shocks.
You can survive without breathing.
You are immune to petrification.
You are immune to rotting.


Message History

Cheibriados appreciates the change of pace.
The bat hits you. The bat closely misses you.
The centaur wields a shortbow.
The centaur shoots an arrow.
The arrow hits you!
* * * LOW HITPOINT WARNING * * *
The orc priest becomes somewhat translucent.
The bat misses you.
Drink which item? (? for menu, Esc to quit)
You fade into invisibility!
The bat closely misses you. x2
You are very lightly contaminated with residual magic.
The bat hits you but does no damage. The orc barely misses you.
The orc priest calls down the wrath of Beogh upon the orc.
The orc convulses in agony!
The bat hits you.
* * * LOW HITPOINT WARNING * * *
The bat closely misses you.
The centaur shoots an arrow.
The arrow hits the orc!
The orc dies!
The centaur shoots an arrow.
The arrow hits you!
You die...

......### .......##
#.........
...........
#............
#.....##......
#.............
#<...8...8...
##@....#...#
#....###.##
#.##b..o.#...#....
..#....(8o.)8$..8..
..........o#)..#....
......###c###.##
.....# #)!.


oo# ...# #.8.. ... .. #...#. .... You could see a centaur, an orc priest, 2 orcs
and a bat.

Vanquished Creatures
  Eustachio (D:4)
  An ogre (D:4)
  Sigmund (D:4)
  An iguana (D:4)
  2 orc wizards
  3 orc priests (D:4)
  3 worker ants (D:4)
  A hound skeleton (D:4)
  2 adders
  A gnoll (D:2)
  A worm (D:3)
  2 adder skeletons (D:4)
  A giant gecko (D:2)
  20 orcs
  3 ball pythons
  2 bat zombies (D:2)
  5 giant cockroaches
  16 hobgoblins
  7 jackals
  2 kobolds
  8 bats
  5 goblins
  A quokka skeleton (D:4)
  7 rats
  2 rat zombies (D:2)
98 creatures vanquished.

Vanquished Creatures (others)
  An orc (D:5)
1 creature vanquished.

Grand Total: 99 creatures vanquished

Notes
Turn   | Place    | Note
--------------------------------------------------------------
     0 | D:1      | esc, the Gargoyle Gladiator, began the quest for the Orb.
     0 | D:1      | Reached XP level 1. HP: 12/12 MP: 1/1
    99 | D:1      | Reached XP level 2. HP: 15/18 MP: 2/2
   857 | D:2      | Reached XP level 3. HP: 22/22 MP: 3/3
  1134 | D:2      | Found an ancient bone altar of Kikubaaqudgha.
  1334 | D:2      | Found a snail-covered altar of Cheibriados.
  1360 | D:2      | Became a worshipper of Cheibriados the Contemplative
  1533 | D:3      | Reached XP level 4. HP: 25/28 MP: 4/4
  1604 | D:3      | HP: 1/28 [orc/dagger (4)]
  1693 | D:3      | Acquired Cheibriados' first power
  1988 | D:4      | Reached skill level 4 in Fighting
  1988 | D:4      | Reached XP level 5. HP: 33/33 MP: 5/5
  1992 | D:4      | Noticed Eustachio
  2025 | D:4      | Killed Eustachio
  2025 | D:4      | Reached skill level 5 in Fighting
  2025 | D:4      | Reached XP level 6. HP: 10/40 MP: 6/6
  3183 | D:4      | Noticed Sigmund
  3203 | D:4      | Killed Sigmund
  3203 | D:4      | Reached XP level 7. HP: 14/45 MP: 7/7
  3483 | D:4      | Reached skill level 6 in Fighting
  3780 | D:4      | Found an opulent altar of Gozag.
  3823 | D:4      | Reached skill level 5 in Dodging
  3957 | D:5      | Entered Level 5 of the Dungeon
  3969 | D:5      | Acquired Cheibriados' second power
  3978 | D:5      | Shot with an arrow by a centaur

Action                   |  1- 3 |  4- 6 |  7- 9 || total
-------------------------+-------+-------+-------++-------
Melee: Flail             |   121 |   160 |    65 ||   346
Throw: Javelin           |       |     6 |       ||     6
       Throwing net      |       |     2 |       ||     2
Evoke: Wand              |       |     1 |       ||     1
  Use: Scroll            |     6 |       |     2 ||     8
       Potion            |       |     3 |     1 ||     4
 Stab: Invisible         |       |     3 |       ||     3
  Eat: Chunk             |     2 |     4 |     2 ||     8
